 Dungeon Sprint DCSS version 0.27.1-33-g824d729ab1 (webtiles) character file.

Game seed: 5689877143701673659

107 manyhoops the Frost Mage (level 4, 0/24 HPs)
             Began as a Deep Elf Ice Elementalist on Dec 25, 2021.
             Succumbed to Sigmund's poison
             ... in the Dungeon (Sprint I: "Red Sonja").
             The game lasted 00:01:50 (538 turns).

manyhoops the Frost Mage (Deep Elf Ice Elementalist) Turns: 538, Time: 00:01:51

Health: 0/24       AC: 10    Str:  5    XL:     4   Next: 56%
Magic:  1/14       EV: 12    Int: 21    God:
Gold:   54         SH:  0    Dex: 15    Spells: 4/15 levels left

rFire    . . .     SeeInvis .   c - +0 dagger
rCold    . . .     Faith    .   (no shield)
rNeg     . . .     Spirit   .   a - +0 robe
rPois    .         Reflect  .   (no helmet)
rElec    .         Harm     .   (no cloak)
rCorr    .         Rampage  .   (no gloves)
Will     .....     NoTele   +   (no boots)
Stlth    ++........             (no amulet)
HPRegen  0.08/turn              (no ring)
MPRegen  0.14/turn              (no ring)

@: lethally poisoned (0 -> -6), ice-armoured, freezing walls
A: no striking features
a: no special abilities


You were in the Dungeon.
You visited 1 branch You collected 54 gold pieces.

Inventory:

Hand Weapons
 c - a +0 dagger (weapon)
Armour
 a - a +0 robe (worn)
Scrolls
 g - a scroll of blinking
Potions
 e - 2 potions of magic
 f - a potion of berserk rage


   Skills:
 - Level 2.4 Dodging
 - Level 2.4 Stealth
 - Level 6.4 Spellcasting
 - Level 9.8 Ice Magic


You had 4 spell levels left.
You knew the following spells:

 Your Spells              Type           Power      Damage    Failure   Level
a - Freeze                Ice            100%       1d11      1%          1
b - Frozen Ramparts       Ice            96%        1d11      1%          3
c - Ozocubu's Armour      Ice            48%        N/A       1%          3
d - Hailstorm             Conj/Ice       27%        3d7       12%         4

Your spell library contained the following spells:

 Spells                   Type           Power      Damage    Failure   Level


Dungeon Overview and Level Annotations

Branches:
Dungeon (1/1)

Altars:

Annotations:
D Sigmund


Message History

Casting: Frozen Ramparts (safe; 1% risk of failure)
Press: ? - help, Dir - look around, f - activate An open door.
The walls around you are covered in ice.
The wall freezes Sigmund.
Sigmund hits you from afar with a +2 scythe of venom!
Ouch! That really hurt!
You are lethally poisoned!
Your frozen ramparts will break if you move.
Continue?
Okay, then.
Casting: Frozen Ramparts (safe; 1% risk of failure)
Confirm with . or Enter, or press ? or * to list all spells.
Okay, then.
Casting: Frozen Ramparts (safe; 1% risk of failure)
Confirm with . or Enter, or press ? or * to list all spells.
The spell is extremely dangerous to cast (12% risk of failure)!
Continue anyway?
Casting: Hailstorm (extremely dangerous; 12% risk of failure)
Press: ? - help, Dir - look around, f - activate A cannonade of hail descends around you!
The hail pelts Sigmund.
Sigmund is severely wounded.
* * * LOW HITPOINT WARNING * * *
You feel very sick.
The wall freezes Sigmund.
Sigmund barely misses you.
Unknown command.
Casting: Hailstorm (extremely dangerous; 12% risk of failure)
Confirm with . or Enter, or press ? or * to list all spells.
Okay, then.
Casting: Hailstorm (extremely dangerous; 12% risk of failure)
Confirm with . or Enter, or press ? or * to list all spells.
A film of ice covers your body!
* * * LOW HITPOINT WARNING * * *
You feel very sick.
Unknown command.
* * * LOW HITPOINT WARNING * * *
You feel sick.
The wall freezes Sigmund.
Sigmund gestures wildly while chanting.
Sigmund flickers and vanishes!
Deactivating autopickup; reactivate with Ctrl-A.
Unknown command.
You die...

#############
#<.#..'..#..+
#..').#..'{.#
#..#####@#
#[.# #..#
#..# ####
#..# #⌠⌠#
####


There were no monsters in sight!

Vanquished Creatures
  An ogre (D)
  Ijyb (D)
2 creatures vanquished.

Notes
Turn   | Place    | Note
-------+----------+-------------------------------------------
     0 | D        | manyhoops the Deep Elf Ice Elementalist began the quest for
                  | the Orb.
     0 | D        | Reached XP level 1. HP: 10/10 MP: 6/6
     1 | D        | Noticed Ijyb
    13 | D        | Killed Ijyb
    14 | D        | Reached skill level 7 in Ice Magic
    14 | D        | Reached XP level 2. HP: 6/15 MP: 0/9
   194 | D        | Noticed an ogre
   204 | D        | Killed an ogre
   205 | D        | Reached skill level 9 in Ice Magic
   205 | D        | Reached XP level 3. HP: 8/19 MP: 4/12
   205 | D        | Reached XP level 4. HP: 11/24 MP: 4/14
   485 | D        | Learned a level 3 spell: Frozen Ramparts
   489 | D        | Learned a level 3 spell: Ozocubu's Armour
   494 | D        | Learned a level 4 spell: Hailstorm
   531 | D        | Noticed Sigmund
   537 | D        | HP: 1/24 [poisoned by Sigmund]
   538 | D        | Succumbed to Sigmund's poison

Illustrated notes

Levels and vault maps discovered:
D:        dungeon_sprint_1 [red_sonja_temple_1, red_sonja_temple_small_1]

Skill      XL: |  1  2 |
---------------+-------+-----
Spellcasting   | 4 6 |  6.4
Ice Magic      | 7 9 |  9.8
Dodging        | |  2.4
Stealth        | |  2.4

Action                   |  1- 3 |  4- 6 || total
-------------------------+-------+-------++-------
 Cast: Freeze            |    11 |       ||    11
       Ozocubu's Armour  |       |     2 ||     2
       Hailstorm         |       |     2 ||     2
       Frozen Ramparts   |       |     1 ||     1
  Use: Potion            |     2 |     1 ||     3
Dodge: Dodged            |     7 |     1 ||     8
